Map: Odyssey LE

Players

Lambo

  • Race: Zerg Zerg
  • League: Grandmaster
  • Spawn Location: 5:00

Solar - Winner!

  • Race: Zerg Zerg
  • Spawn Location: 11:00

Event: HomeStory Cup XVI

VOD

Have the link to the VOD?

Description

Time

  • Played on: Nov. 9, 2017, 1:42 p.m.
  • Length: 3:30

All games in this series

Show
View Real Time Build Order
Export as new Build Order

Lambo Zerg 

Build Orders: 1 Base Baneling Bust, Pool Only 

Get SALT Encoding   

  12  0:01  Drone  
  13  0:14  Extractor  
  12  0:23  Spawning Pool  
  12  0:27  Drone  
  12  0:32  Drone  
  13  0:37  Drone  
  14  0:49  Overlord  
  14  1:09  Queen  
  14  1:10  Zergling x2  
  17  1:16  Metabolic Boost  
  17  1:21  Zergling x2  
  17  1:25  Zergling x2  
  19  1:30  Zergling x2  
  20  1:34  Zergling x2  
  21  1:43  Baneling Nest  
  21  1:46  Zergling x2  
  21  1:56  Overlord  
  21  2:08  Zergling x2  
  22  2:18  Zergling x6  
  22  2:19  Zergling x2  
  26  2:29  Baneling  
  26  2:30  Baneling  
  26  2:32  Zergling x2  
  26  2:37  Baneling  
  26  2:38  Baneling  
  26  2:42  Zergling x2  
  25  2:51  Zergling x6  
  25  2:57  Baneling  
  25  2:58  Baneling  
  25  3:02  Zergling x2  
  26  3:08  Baneling  
  26  3:09  Zergling x2  
Show
View Real Time Build Order
Export as new Build Order

Solar Zerg - Winner!

Build Orders: Hatch First 

Get SALT Encoding   

  12  0:00  Drone  
  13  0:12  Overlord  
  13  0:16  Drone  
  14  0:30  Drone  
  14  0:31  Drone  
  14  0:34  Drone  
  17  0:52  Hatchery  
  17  0:54  Drone  
  17  0:58  Drone  
  17  1:03  Extractor  
  17  1:13  Spawning Pool  
  17  1:15  Drone  
  17  1:19  Drone  
  18  1:30  Drone  
  19  1:41  Overlord  
  19  1:59  Queen  
  19  2:00  Zergling x4  
  23  2:04  Queen, Metabolic Boost  
  23  2:05  Zergling x2  
  26  2:10  Drone  
  27  2:17  Spine Crawler  
  27  2:19  Drone  
  27  2:22  Drone  
  28  2:28  Zergling x2  
  29  2:32  Zergling x2  
  30  2:40  Zergling x2  
  30  2:42  Queen  
  30  2:53  Zergling x2  
  30  2:54  Zergling x4  
  31  3:01  Spine Crawler  
  31  3:03  Zergling x2  
  31  3:06  Zergling x2  
Tags
 
Add a new tag
Caveats
  • Supply blocks, unpowered buildings, or Contaminate may cause inaccurate times.
  • Supply counts are checked every 10 seconds.